Workbook

Sheet Summary 2025
N2: Hatches | P2: Flock Losses
B3: Laying Hens per Day | C3: Eggs Collected per Day | D3: Percent Productivity | E3: Pounds Fed | F3: Feed Cost | G3: Pounds Feed per Egg | H3: Feed Cost per Egg | I3: Total Income | J3: Supply Expenses (includes Feed) | K3: Feed Cost per Dozen | L3: Total Cost per Dozen (includes Flock) | M3: Flock Purchases | N3: Average Hatch Rate | O3: Average Cost per Live Chick | P3: Non-Predator Losses | Q3: Predator Loss | R3: Total Net Income
A4: January | B4: ='January 2025'!$B$39 | C4: ='January 2025'!$C$39 | D4: ='January 2025'!$D$39 | E4: ='January 2025'!L35 | F4: ='January 2025'!M35 -> 0 | G4: ='January 2025'!$G$39 -> 0 | H4: ='January 2025'!$G$39 -> 0 | I4: ='January 2025'!$B$43 -> 0 | J4: ='January 2025'!$C$43-M4 -> 0 | K4: ='January 2025'!$D$43 | L4: ='January 2025'!$E$43 | M4: ='January 2025'!$F$43 -> 0 | N4: ='January 2025'!$I$39 | O4: ='January 2025'!$J$39 -> 0 | P4: ='January 2025'!J43 | Q4: ='January 2025'!K43 | R4: =IF(C4="",0,'January 2025'!$G$43) -> 0
A5: February | B5: =' February 2025'!$B$39 | C5: =' February 2025'!$C$39 | D5: =' February 2025'!$D$39 | E5: =' February 2025'!L35 | F5: =' February 2025'!M35 -> 0 | G5: =' February 2025'!$G$39 -> 0 | H5: =' February 2025'!$G$39 -> 0 | I5: =' February 2025'!$B$43 -> 0 | J5: =' February 2025'!$C$43-M5 -> 0 | K5: =' February 2025'!$D$43 | L5: =' February 2025'!$E$43 | M5: =' February 2025'!$F$43 -> 0 | N5: =' February 2025'!$I$39 | O5: =' February 2025'!$J$39 -> 0 | P5: =' February 2025'!J43 | Q5: =' February 2025'!K43 | R5: =IF(C5="",0,' February 2025'!$G$43) -> 0
A6: March | B6: ='March 2025'!$B$39 | C6: ='March 2025'!$C$39 | D6: ='March 2025'!$D$39 | E6: ='March 2025'!L35 | F6: ='March 2025'!M35 -> 0 | G6: ='March 2025'!$G$39 -> 0 | H6: ='March 2025'!$G$39 -> 0 | I6: ='March 2025'!$B$43 -> 0 | J6: ='March 2025'!$C$43-M6 -> 0 | K6: ='March 2025'!$D$43 | L6: ='March 2025'!$E$43 | M6: ='March 2025'!$F$43 -> 0 | N6: ='March 2025'!$I$39 | O6: ='March 2025'!$J$39 -> 0 | P6: ='March 2025'!J43 | Q6: ='March 2025'!K43 | R6: =IF(C6="",0,'March 2025'!$G$43) -> 0
A7: April | B7: ='April 2025'!$B$39 | C7: ='April 2025'!$C$39 | D7: ='April 2025'!$D$39 | E7: ='April 2025'!L35 | F7: ='April 2025'!M35 -> 0 | G7: ='April 2025'!$G$39 -> 0 | H7: ='April 2025'!$G$39 -> 0 | I7: ='April 2025'!$B$43 -> 0 | J7: ='April 2025'!$C$43-M7 -> 0 | K7: ='April 2025'!$D$43 | L7: ='April 2025'!$E$43 | M7: ='April 2025'!$F$43 -> 0 | N7: ='April 2025'!$I$39 | O7: ='April 2025'!$J$39 -> 0 | P7: ='April 2025'!J43 | Q7: ='April 2025'!K43 | R7: =IF(C7="",0,'April 2025'!$G$43) -> 0
A8: May | B8: ='May 2025'!$B$39 | C8: ='May 2025'!$C$39 | D8: ='May 2025'!$D$39 | E8: ='May 2025'!L35 | F8: ='May 2025'!M35 -> 0 | G8: ='May 2025'!$G$39 -> 0 | H8: ='May 2025'!$G$39 -> 0 | I8: ='May 2025'!$B$43 -> 0 | J8: ='May 2025'!$C$43-M8 -> 0 | K8: ='May 2025'!$D$43 | L8: ='May 2025'!$E$43 | M8: ='May 2025'!$F$43 -> 0 | N8: ='May 2025'!$I$39 | O8: ='May 2025'!$J$39 -> 0 | P8: ='May 2025'!J43 | Q8: ='May 2025'!K43 | R8: =IF(C8="",0,'May 2025'!$G$43) -> 0
A9: June | B9: ='June 2025'!$B$39 | C9: ='June 2025'!$C$39 | D9: ='June 2025'!$D$39 | E9: ='June 2025'!L35 | F9: ='June 2025'!M35 -> 0 | G9: ='June 2025'!$G$39 -> 0 | H9: ='June 2025'!$G$39 -> 0 | I9: ='June 2025'!$B$43 -> 0 | J9: ='June 2025'!$C$43-M9 -> 0 | K9: ='June 2025'!$D$43 | L9: ='June 2025'!$E$43 | M9: ='June 2025'!$F$43 -> 0 | N9: ='June 2025'!$I$39 | O9: ='June 2025'!$J$39 -> 0 | P9: ='June 2025'!J43 | Q9: ='June 2025'!K43 | R9: =IF(C9="",0,'June 2025'!$G$43) -> 0
A10: July | B10: ='July 2025'!$B$39 | C10: ='July 2025'!$C$39 | D10: ='July 2025'!$D$39 | E10: ='July 2025'!L35 | F10: ='July 2025'!M35 -> 0 | G10: ='July 2025'!$G$39 -> 0 | H10: ='July 2025'!$G$39 -> 0 | I10: ='July 2025'!$B$43 -> 0 | J10: ='July 2025'!$C$43-M10 -> 0 | K10: ='July 2025'!$D$43 | L10: ='July 2025'!$E$43 | M10: ='July 2025'!$F$43 -> 0 | N10: ='July 2025'!$I$39 | O10: ='July 2025'!$J$39 -> 0 | P10: ='July 2025'!J43 | Q10: ='July 2025'!K43 | R10: =IF(C10="",0,'July 2025'!$G$43) -> 0
A11: August | B11: ='August 2025'!$B$39 | C11: ='August 2025'!$C$39 | D11: ='August 2025'!$D$39 | E11: ='August 2025'!L35 | F11: ='August 2025'!M35 -> 0 | G11: ='August 2025'!$G$39 -> 0 | H11: ='August 2025'!$G$39 -> 0 | I11: ='August 2025'!$B$43 -> 0 | J11: ='August 2025'!$C$43-M11 -> 0 | K11: ='August 2025'!$D$43 | L11: ='August 2025'!$E$43 | M11: ='August 2025'!$F$43 -> 0 | N11: ='August 2025'!$I$39 | O11: ='August 2025'!$J$39 -> 0 | P11: ='August 2025'!J43 | Q11: ='August 2025'!K43 | R11: =IF(C11="",0,'August 2025'!$G$43) -> 0
A12: September | B12: ='September 2025'!$B$39 | C12: ='September 2025'!$C$39 | D12: ='September 2025'!$D$39 | E12: ='September 2025'!L35 | F12: ='September 2025'!M35 -> 0 | G12: ='September 2025'!$G$39 -> 0 | H12: ='September 2025'!$G$39 -> 0 | I12: ='September 2025'!$B$43 -> 0 | J12: ='September 2025'!$C$43-M12 -> 0 | K12: ='September 2025'!$D$43 | L12: ='September 2025'!$E$43 | M12: ='September 2025'!$F$43 -> 0 | N12: ='September 2025'!$I$39 | O12: ='September 2025'!$J$39 -> 0 | P12: ='September 2025'!J43 | Q12: ='September 2025'!K43 | R12: =IF(C12="",0,'September 2025'!$G$43) -> 0
A13: October | B13: ='October 2025'!$B$39 | C13: ='October 2025'!$C$39 | D13: ='October 2025'!$D$39 | E13: ='October 2025'!L35 | F13: ='October 2025'!M35 -> 0 | G13: ='October 2025'!$G$39 -> 0 | H13: ='October 2025'!$G$39 -> 0 | I13: ='October 2025'!$B$43 -> 0 | J13: ='October 2025'!$C$43-M13 -> 0 | K13: ='October 2025'!$D$43 | L13: ='October 2025'!$E$43 | M13: ='October 2025'!$F$43 -> 0 | N13: ='October 2025'!$I$39 | O13: ='October 2025'!$J$39 -> 0 | P13: ='October 2025'!J43 | Q13: ='October 2025'!K43 | R13: =IF(C13="",0,'October 2025'!$G$43) -> 0
A14: November | B14: ='November 2025'!$B$39 | C14: ='November 2025'!$C$39 | D14: ='November 2025'!$D$39 | E14: ='November 2025'!L35 | F14: ='November 2025'!M35 -> 0 | G14: ='November 2025'!$G$39 -> 0 | H14: ='November 2025'!$G$39 -> 0 | I14: ='November 2025'!$B$43 -> 0 | J14: ='November 2025'!$C$43-M14 -> 0 | K14: ='November 2025'!$D$43 | L14: ='November 2025'!$E$43 | M14: ='November 2025'!$F$43 -> 0 | N14: ='November 2025'!$I$39 | O14: ='November 2025'!$J$39 -> 0 | P14: ='November 2025'!J43 | Q14: ='November 2025'!K43 | R14: =IF(C14="",0,'November 2025'!$G$43) -> 0
A15: December | B15: ='December 2025'!$B$39 | C15: ='December 2025'!$C$39 | D15: ='December 2025'!$D$39 | E15: ='December 2025'!L35 | F15: ='December 2025'!M35 -> 0 | G15: ='December 2025'!$G$39 -> 0 | H15: ='December 2025'!$G$39 -> 0 | I15: ='December 2025'!$B$43 -> 0 | J15: ='December 2025'!$C$43-M15 -> 0 | K15: ='December 2025'!$D$43 | L15: ='December 2025'!$E$43 | M15: ='December 2025'!$F$43 -> 0 | N15: ='December 2025'!$I$39 | O15: ='December 2025'!$J$39 -> 0 | P15: ='December 2025'!J43 | Q15: ='December 2025'!K43 | R15: =IF(C15="",0,'December 2025'!$G$43) -> 0
A16: Year to Date Total | E16: =IF(SUM(E4:E15)=0,"",SUM(E4:E15)) | F16: =SUM(F4:F15) -> 0 | H16: =SUM(H4:H15) -> 0 | I16: =SUM(I4:I15) -> 0 | J16: =SUM(J4:J15) -> 0 | M16: =SUM(M4:M15) -> 0 | P16: =IF(SUM(P4:P15)=0,"",SUM(P4:P15)) | Q16: =IF(SUM(Q4:Q15)=0,"",SUM(Q4:Q15)) | R16: =SUM(R4:R15) -> 0
B18: Year to Date Average
B19: Laying Hens per Day | C19: Eggs Collected per Day | D19: Percent Productivity | E19: Monthly Average Pounds Fed | F19: Monthly Average Feed Cost | G19: Pounds Feed per Egg | H19: Feed Cost per Egg | I19: Monthly Income | J19: Monthly Expenses | K19: Feed Cost per Dozen | L19: Total Cost per Dozen | M19: Monthly Flock Purchase | N19: Monthly Hatch Rate | O19: Monthly Cost Per Live Chick | P19: Non-Predator Loss | Q19: Predator Loss | R19: Monthly Average Net Income
A20: Year to Date | B20: =IF(SUM(B4:B15)>0,SUMIF(B4:B15,">0",B4:B15)/COUNTIF(B4:B15,">0"),"") | C20: =IF(SUM(C4:C15)>0,SUMIF(C4:C15,">0",C4:C15)/COUNTIF(C4:C15,">0"),"") | D20: =IF(SUM(D4:D15)>0,SUMIF(D4:D15,">0",D4:D15)/COUNTIF(D4:D15,">0"),"") | E20: =IF(SUM(E4:E15)>0,SUMIF(E4:E15,">0",E4:E15)/COUNTIF(E4:E15,">0"),"") | F20: =IF(SUM(F4:F15)>0,SUMIF(F4:F15,">0",F4:F15)/COUNTIF(F4:F15,">0"),"") | G20: =IF(B24>0,C24/B24,"") | H20: =IF(B24>0,D24/B24,"") | I20: =IF(SUM(I4:I15)>0,SUMIF(I4:I15,">0",I4:I15)/COUNTIF(I4:I15,">0"),"") | J20: =IF(SUM(J4:J15)>0,SUMIF(J4:J15,">0",J4:J15)/COUNTIF(J4:J15,">0"),"") | K20: =IF(SUM(K4:K15)>0,SUMIF(K4:K15,">0",K4:K15)/COUNTIF(K4:K15,">0"),"") | L20: =IF(SUM(L4:L15)>0,SUMIF(L4:L15,">0",L4:L15)/COUNTIF(L4:L15,">0"),"") | N20: =IF(SUM(N4:N15)=0,"",SUM(N4:N15)/COUNT(N4:N15)) | R20: =IF(R16=0,"",R16/COUNT(R4:R15))
B22: Annual Totals
B23: Eggs Collected | C23: Feed (pounds) | D23: Feed Cost | E23: Income | F23: Supply Expenses | G23: Flock Purchases | H23: Total Expense | I23: Non-Predator Loss | J23: Predator Loss | K23: Annual Profit
A24: Year to Date | B24: =SUM('January 2025'!C35:E35,' February 2025'!C35:E35,'March 2025'!C35:E35,'April 2025'!C35:E35,'May 2025'!C35:E35,'June 2025'!C35:E35,'July 2025'!C35:E35,'August 2025'!C35:E35,'September 2025'!C35:E35,'October 2025'!C35:E35,'November 2025'!C35:E35,'December 2025'!C35:E35) -> 0 | C24: =E16 | D24: =F16 -> 0 | E24: =I16 -> 0 | F24: =J16 -> 0 | G24: =M16 -> 0 | H24: =G24+F24 -> 0 | I24: =P16 | J24: =Q16 | K24: =R16 -> 0

Sheet January 2025
A1: Date | B1: Laying Hens | C1: Production | G1: Income | L1: Expenses | S1: Flock Purchases | Y1: Flock Losses
C2: Eggs Collected | G2: Eggs Sold | I2: Chickens Sold | K2: Customer Name | L2: Feed Purchased | N2: Bedding | O2: General Supplies | Q2: Medicine / Vet / Vaccines | S2: Live Chicks | U2: Hatching Eggs | X2: Supplier | Y2: Human Consumption | Z2: Natural Causes | AA2: Predator Loss
B3: Quantity | C3: Brown | D3: Colored | E3: White | F3: Total | G3: Dozen | H3: $ | I3: Quantity | J3: $ | L3: Pounds | M3: $ | N3: $ | O3: Description | P3: $ | Q3: Description | R3: $ | S3: Quantity | T3: $ | U3: Quantity | V3: $ | W3: Hatched | AA3: Raccoon | AB3: Skunk | AC3: Possum | AD3: Dog | AE3: Birds | AF3: Bobcat | AG3: Other | AH3: Unknown
A4: 1 | F4: =IF(SUM(C4:E4)>0,SUM(C4:E4),"")
A5: 2 | F5: =IF(SUM(C5:E5)>0,SUM(C5:E5),"")
A6: 3 | F6: =IF(SUM(C6:E6)>0,SUM(C6:E6),"")
A7: 4 | F7: =IF(SUM(C7:E7)>0,SUM(C7:E7),"")
A8: 5 | F8: =IF(SUM(C8:E8)>0,SUM(C8:E8),"")
A9: 6 | F9: =IF(SUM(C9:E9)>0,SUM(C9:E9),"")
A10: 7 | F10: =IF(SUM(C10:E10)>0,SUM(C10:E10),"")
A11: 8 | F11: =IF(SUM(C11:E11)>0,SUM(C11:E11),"")
A12: 9 | F12: =IF(SUM(C12:E12)>0,SUM(C12:E12),"")
A13: 10 | F13: =IF(SUM(C13:E13)>0,SUM(C13:E13),"")
A14: 11 | F14: =IF(SUM(C14:E14)>0,SUM(C14:E14),"")
A15: 12 | F15: =IF(SUM(C15:E15)>0,SUM(C15:E15),"")
... A34: 31 | F34: =IF(SUM(C34:E34)>0,SUM(C34:E34),"")
B35: Total | C35: =IF(SUM(C4:C34)>0,SUM(C4:C34),"") | D35: =IF(SUM(D4:D34)>0,SUM(D4:D34),"") | E35: =IF(SUM(E4:E34)>0,SUM(E4:E34),"") | F35: =IF(SUM(F4:F34)>0,SUM(F4:F34),"") | G35: =IF(SUM(G4:G34)>0,SUM(G4:G34),"") | H35: =IF(SUM(H4:H34)>0,SUM(H4:H34),0) -> 0 | I35: =IF(SUM(I4:I34)>0,SUM(I4:I34),"") | J35: =IF(SUM(J4:J34)>0,SUM(J4:J34),0) -> 0 | L35: =IF(SUM(L4:L34)>0,SUM(L4:L34),"") | M35: =IF(SUM(M4:M34)>0,SUM(M4:M34),0) -> 0 | N35: =IF(SUM(N4:N34)>0,SUM(N4:N34),0) -> 0 | P35: =IF(SUM(P4:P34)>0,SUM(P4:P34),0) -> 0 | R35: =IF(SUM(R4:R34)>0,SUM(R4:R34),0) -> 0 | S35: =IF(SUM(S4:S34)>0,SUM(S4:S34),"") | T35: =IF(SUM(T4:T34)>0,SUM(T4:T34),0) -> 0 | U35: =IF(SUM(U4:U34)>0,SUM(U4:U34),"") | V35: =IF(SUM(V4:V34)>0,SUM(V4:V34),0) -> 0 | W35: =IF(SUM(W4:W34)>0,SUM(W4:W34),"") | Y35: =IF(SUM(Y4:Y34)=0,"",SUM(Y4:Y34)) | Z35: =IF(SUM(Z4:Z34)=0,"",SUM(Z4:Z34)) | AA35: =IF(SUM(AA4:AA34)=0,"",SUM(AA4:AA34)) | AB35: =IF(SUM(AB4:AB34)=0,"",SUM(AB4:AB34)) | AC35: =IF(SUM(AC4:AC34)=0,"",SUM(AC4:AC34)) | AD35: =IF(SUM(AD4:AD34)=0,"",SUM(AD4:AD34)) | AE35: =IF(SUM(AE4:AE34)=0,"",SUM(AE4:AE34)) | AF35: =IF(SUM(AF4:AF34)=0,"",SUM(AF4:AF34)) | ... AH35: =IF(SUM(AH4:AH34)=0,"",SUM(AH4:AH34))
B37: Average Productivity | I37: Hatching Eggs
B38: Laying Hens per Day | C38: Eggs Collected per Day | D38: Percent Productivity | E38: Pounds Fed | G38: Pounds Fed Per Egg | H38: Feed Cost Per Egg | I38: Hatch Rate | J38: Cost per Live Chick
B39: =IF(COUNT(B4:B34)>0,AVERAGE(B4:B34),"") | C39: =IF(SUM(C35:E35)>0,SUM(C35:E35)/COUNT(B4:B34),"") | D39: =IF(SUM(C35:E35)>0,C39/B39,"") | G39: 0 | H39: 0 | I39: =IF(W35="","",W35/U35) | J39: =IF(W35="",0,V35/W35) -> 0
B41: Monthly Financial Summary | J41: Flock Loss Summary
B42: Income | C42: Expenses | D42: Feed Cost per Dozen | E42: Total Cost per Dozen | F42: Flock Purchases | G42: Net | J42: Non-Predator | K42: Predator Loss
B43: =IF(SUM(H35,J35)>0,SUM(H35,J35),0) -> 0 | C43: =IF(SUM(M35,N35,P35,R35,T35)>0,SUM(R35,P35,N35,M35,T35),0) -> 0 | D43: =IF(SUM(C35:E35)>0,M35/SUM(C35:E35)*12,"") | E43: =IF(SUM(C35:E35)>0,C43/SUM(C35:E35)*12,"") | F43: =IF(SUM(T35,V35)>0,SUM(T35,V35),0) -> 0 | G43: =IF(OR(NOT(B43=""),NOT(C43=""),NOT(F43="")),B43-C43,"") -> 0 | J43: =IF(SUM($C$35:$E$35)=0,"",SUM(Y35:Z35)) | K43: =IF(SUM($C$35:$E$35)=0,"",SUM(AA35:AH35))

Sheet  February 2025
A1: Date | B1: Laying Hens | C1: Production | G1: Income | L1: Expenses | S1: Flock Purchases | Y1: Flock Losses
C2: Eggs Collected | G2: Eggs Sold | I2: Chickens Sold | K2: Customer Name | L2: Feed Purchased | N2: Bedding | O2: General Supplies | Q2: Medicine / Vet / Vaccines | S2: Live Chicks | U2: Hatching Eggs | X2: Supplier | Y2: Human Consumption | Z2: Natural Causes | AA2: Predator Loss
B3: Quantity | C3: Brown | D3: Colored | E3: White | F3: Total | G3: Dozen | H3: $ | I3: Quantity | J3: $ | L3: Pounds | M3: $ | N3: $ | O3: Description | P3: $ | Q3: Description | R3: $ | S3: Quantity | T3: $ | U3: Quantity | V3: $ | W3: Hatched | AA3: Raccoon | AB3: Skunk | AC3: Possum | AD3: Dog | AE3: Birds | AF3: Bobcat | AG3: Other | AH3: Unknown
A4: 1 | F4: =IF(SUM(C4:E4)>0,SUM(C4:E4),"")
A5: 2 | F5: =IF(SUM(C5:E5)>0,SUM(C5:E5),"")
A6: 3 | F6: =IF(SUM(C6:E6)>0,SUM(C6:E6),"")
A7: 4 | F7: =IF(SUM(C7:E7)>0,SUM(C7:E7),"")
A8: 5 | F8: =IF(SUM(C8:E8)>0,SUM(C8:E8),"")
A9: 6 | F9: =IF(SUM(C9:E9)>0,SUM(C9:E9),"")
A10: 7 | F10: =IF(SUM(C10:E10)>0,SUM(C10:E10),"")
A11: 8 | F11: =IF(SUM(C11:E11)>0,SUM(C11:E11),"")
A12: 9 | F12: =IF(SUM(C12:E12)>0,SUM(C12:E12),"")
A13: 10 | F13: =IF(SUM(C13:E13)>0,SUM(C13:E13),"")
A14: 11 | F14: =IF(SUM(C14:E14)>0,SUM(C14:E14),"")
A15: 12 | F15: =IF(SUM(C15:E15)>0,SUM(C15:E15),"")
... A31: 28 | F31: =IF(SUM(C31:E31)>0,SUM(C31:E31),"")
B35: Total | C35: =IF(SUM(C4:C34)>0,SUM(C4:C34),"") | D35: =IF(SUM(D4:D34)>0,SUM(D4:D34),"") | E35: =IF(SUM(E4:E34)>0,SUM(E4:E34),"") | F35: =IF(SUM(F4:F34)>0,SUM(F4:F34),"") | G35: =IF(SUM(G4:G34)>0,SUM(G4:G34),"") | H35: =IF(SUM(H4:H34)>0,SUM(H4:H34),0) -> 0 | I35: =IF(SUM(I4:I34)>0,SUM(I4:I34),"") | J35: =IF(SUM(J4:J34)>0,SUM(J4:J34),0) -> 0 | L35: =IF(SUM(L4:L34)>0,SUM(L4:L34),"") | M35: =IF(SUM(M4:M34)>0,SUM(M4:M34),0) -> 0 | N35: =IF(SUM(N4:N34)>0,SUM(N4:N34),0) -> 0 | P35: =IF(SUM(P4:P34)>0,SUM(P4:P34),0) -> 0 | R35: =IF(SUM(R4:R34)>0,SUM(R4:R34),0) -> 0 | S35: =IF(SUM(S4:S34)>0,SUM(S4:S34),"") | T35: =IF(SUM(T4:T34)>0,SUM(T4:T34),0) -> 0 | U35: =IF(SUM(U4:U34)>0,SUM(U4:U34),"") | V35: =IF(SUM(V4:V34)>0,SUM(V4:V34),0) -> 0 | W35: =IF(SUM(W4:W34)>0,SUM(W4:W34),"") | Y35: =IF(SUM(Y4:Y34)=0,"",SUM(Y4:Y34)) | Z35: =IF(SUM(Z4:Z34)=0,"",SUM(Z4:Z34)) | AA35: =IF(SUM(AA4:AA34)=0,"",SUM(AA4:AA34)) | AB35: =IF(SUM(AB4:AB34)=0,"",SUM(AB4:AB34)) | AC35: =IF(SUM(AC4:AC34)=0,"",SUM(AC4:AC34)) | AD35: =IF(SUM(AD4:AD34)=0,"",SUM(AD4:AD34)) | AE35: =IF(SUM(AE4:AE34)=0,"",SUM(AE4:AE34)) | AF35: =IF(SUM(AF4:AF34)=0,"",SUM(AF4:AF34)) | ... AH35: =IF(SUM(AH4:AH34)=0,"",SUM(AH4:AH34))
B37: Average Productivity | I37: Hatching Eggs
B38: Laying Hens per Day | C38: Eggs Collected per Day | D38: Percent Productivity | E38: Pounds Fed | G38: Pounds Fed Per Egg | H38: Feed Cost Per Egg | I38: Hatch Rate | J38: Cost per Live Chick
B39: =IF(COUNT(B4:B34)>0,AVERAGE(B4:B34),"") | C39: =IF(SUM(C35:E35)>0,SUM(C35:E35)/COUNT(B4:B34),"") | D39: =IF(SUM(C35:E35)>0,C39/B39,"") | G39: 0 | H39: 0 | I39: =IF(W35="","",W35/U35) | J39: =IF(W35="",0,V35/W35) -> 0
B41: Monthly Financial Summary | J41: Flock Loss Summary
B42: Income | C42: Expenses | D42: Feed Cost per Dozen | E42: Total Cost per Dozen | F42: Flock Purchases | G42: Net | J42: Non-Predator | K42: Predator Loss
B43: =IF(SUM(H35,J35)>0,SUM(H35,J35),0) -> 0 | C43: =IF(SUM(M35,N35,P35,R35,T35)>0,SUM(R35,P35,N35,M35,T35),0) -> 0 | D43: =IF(SUM(C35:E35)>0,M35/SUM(C35:E35)*12,"") | E43: =IF(SUM(C35:E35)>0,C43/SUM(C35:E35)*12,"") | F43: =IF(SUM(T35,V35)>0,SUM(T35,V35),0) -> 0 | G43: =IF(OR(NOT(B43=""),NOT(C43=""),NOT(F43="")),B43-C43,"") -> 0 | J43: =IF(SUM($C$35:$E$35)=0,"",SUM(Y35:Z35)) | K43: =IF(SUM($C$35:$E$35)=0,"",SUM(AA35:AH35))

Sheet March 2025
A1: Date | B1: Laying Hens | C1: Production | G1: Income | L1: Expenses | S1: Flock Purchases | Y1: Flock Losses
C2: Eggs Collected | G2: Eggs Sold | I2: Chickens Sold | K2: Customer Name | L2: Feed Purchased | N2: Bedding | O2: General Supplies | Q2: Medicine / Vet / Vaccines | S2: Live Chicks | U2: Hatching Eggs | X2: Supplier | Y2: Human Consumption | Z2: Natural Causes | AA2: Predator Loss
B3: Quantity | C3: Brown | D3: Colored | E3: White | F3: Total | G3: Dozen | H3: $ | I3: Quantity | J3: $ | L3: Pounds | M3: $ | N3: $ | O3: Description | P3: $ | Q3: Description | R3: $ | S3: Quantity | T3: $ | U3: Quantity | V3: $ | W3: Hatched | AA3: Raccoon | AB3: Skunk | AC3: Possum | AD3: Dog | AE3: Birds | AF3: Bobcat | AG3: Other | AH3: Unknown
A4: 1 | F4: =IF(SUM(C4:E4)>0,SUM(C4:E4),"")
A5: 2 | F5: =IF(SUM(C5:E5)>0,SUM(C5:E5),"")
A6: 3 | F6: =IF(SUM(C6:E6)>0,SUM(C6:E6),"")
A7: 4 | F7: =IF(SUM(C7:E7)>0,SUM(C7:E7),"")
A8: 5 | F8: =IF(SUM(C8:E8)>0,SUM(C8:E8),"")
A9: 6 | F9: =IF(SUM(C9:E9)>0,SUM(C9:E9),"")
A10: 7 | F10: =IF(SUM(C10:E10)>0,SUM(C10:E10),"")
A11: 8 | F11: =IF(SUM(C11:E11)>0,SUM(C11:E11),"")
A12: 9 | F12: =IF(SUM(C12:E12)>0,SUM(C12:E12),"")
A13: 10 | F13: =IF(SUM(C13:E13)>0,SUM(C13:E13),"")
A14: 11 | F14: =IF(SUM(C14:E14)>0,SUM(C14:E14),"")
A15: 12 | F15: =IF(SUM(C15:E15)>0,SUM(C15:E15),"")
... A34: 31 | F34: =IF(SUM(C34:E34)>0,SUM(C34:E34),"")
B35: Total | C35: =IF(SUM(C4:C34)>0,SUM(C4:C34),"") | D35: =IF(SUM(D4:D34)>0,SUM(D4:D34),"") | E35: =IF(SUM(E4:E34)>0,SUM(E4:E34),"") | F35: =IF(SUM(F4:F34)>0,SUM(F4:F34),"") | G35: =IF(SUM(G4:G34)>0,SUM(G4:G34),"") | H35: =IF(SUM(H4:H34)>0,SUM(H4:H34),0) -> 0 | I35: =IF(SUM(I4:I34)>0,SUM(I4:I34),"") | J35: =IF(SUM(J4:J34)>0,SUM(J4:J34),0) -> 0 | L35: =IF(SUM(L4:L34)>0,SUM(L4:L34),"") | M35: =IF(SUM(M4:M34)>0,SUM(M4:M34),0) -> 0 | N35: =IF(SUM(N4:N34)>0,SUM(N4:N34),0) -> 0 | P35: =IF(SUM(P4:P34)>0,SUM(P4:P34),0) -> 0 | R35: =IF(SUM(R4:R34)>0,SUM(R4:R34),0) -> 0 | S35: =IF(SUM(S4:S34)>0,SUM(S4:S34),"") | T35: =IF(SUM(T4:T34)>0,SUM(T4:T34),0) -> 0 | U35: =IF(SUM(U4:U34)>0,SUM(U4:U34),"") | V35: =IF(SUM(V4:V34)>0,SUM(V4:V34),0) -> 0 | W35: =IF(SUM(W4:W34)>0,SUM(W4:W34),"") | Y35: =IF(SUM(Y4:Y34)=0,"",SUM(Y4:Y34)) | Z35: =IF(SUM(Z4:Z34)=0,"",SUM(Z4:Z34)) | AA35: =IF(SUM(AA4:AA34)=0,"",SUM(AA4:AA34)) | AB35: =IF(SUM(AB4:AB34)=0,"",SUM(AB4:AB34)) | AC35: =IF(SUM(AC4:AC34)=0,"",SUM(AC4:AC34)) | AD35: =IF(SUM(AD4:AD34)=0,"",SUM(AD4:AD34)) | AE35: =IF(SUM(AE4:AE34)=0,"",SUM(AE4:AE34)) | AF35: =IF(SUM(AF4:AF34)=0,"",SUM(AF4:AF34)) | ... AH35: =IF(SUM(AH4:AH34)=0,"",SUM(AH4:AH34))
B37: Average Productivity | I37: Hatching Eggs
B38: Laying Hens per Day | C38: Eggs Collected per Day | D38: Percent Productivity | E38: Pounds Fed | G38: Pounds Fed Per Egg | H38: Feed Cost Per Egg | I38: Hatch Rate | J38: Cost per Live Chick
B39: =IF(COUNT(B4:B34)>0,AVERAGE(B4:B34),"") | C39: =IF(SUM(C35:E35)>0,SUM(C35:E35)/COUNT(B4:B34),"") | D39: =IF(SUM(C35:E35)>0,C39/B39,"") | G39: 0 | H39: 0 | I39: =IF(W35="","",W35/U35) | J39: =IF(W35="",0,V35/W35) -> 0
B41: Monthly Financial Summary | J41: Flock Loss Summary
B42: Income | C42: Expenses | D42: Feed Cost per Dozen | E42: Total Cost per Dozen | F42: Flock Purchases | G42: Net | J42: Non-Predator | K42: Predator Loss
B43: =IF(SUM(H35,J35)>0,SUM(H35,J35),0) -> 0 | C43: =IF(SUM(M35,N35,P35,R35,T35)>0,SUM(R35,P35,N35,M35,T35),0) -> 0 | D43: =IF(SUM(C35:E35)>0,M35/SUM(C35:E35)*12,"") | E43: =IF(SUM(C35:E35)>0,C43/SUM(C35:E35)*12,"") | F43: =IF(SUM(T35,V35)>0,SUM(T35,V35),0) -> 0 | G43: =IF(OR(NOT(B43=""),NOT(C43=""),NOT(F43="")),B43-C43,"") -> 0 | J43: =IF(SUM($C$35:$E$35)=0,"",SUM(Y35:Z35)) | K43: =IF(SUM($C$35:$E$35)=0,"",SUM(AA35:AH35))

Sheet April 2025
A1: Date | B1: Laying Hens | C1: Production | G1: Income | L1: Expenses | S1: Flock Purchases | Y1: Flock Losses
C2: Eggs Collected | G2: Eggs Sold | I2: Chickens Sold | K2: Customer Name | L2: Feed Purchased | N2: Bedding | O2: General Supplies | Q2: Medicine / Vet / Vaccines | S2: Live Chicks | U2: Hatching Eggs | X2: Supplier | Y2: Human Consumption | Z2: Natural Causes | AA2: Predator Loss
B3: Quantity | C3: Brown | D3: Colored | E3: White | F3: Total | G3: Dozen | H3: $ | I3: Quantity | J3: $ | L3: Pounds | M3: $ | N3: $ | O3: Description | P3: $ | Q3: Description | R3: $ | S3: Quantity | T3: $ | U3: Quantity | V3: $ | W3: Hatched | AA3: Raccoon | AB3: Skunk | AC3: Possum | AD3: Dog | AE3: Birds | AF3: Bobcat | AG3: Other | AH3: Unknown
A4: 1 | F4: =IF(SUM(C4:E4)>0,SUM(C4:E4),"")
A5: 2 | F5: =IF(SUM(C5:E5)>0,SUM(C5:E5),"")
A6: 3 | F6: =IF(SUM(C6:E6)>0,SUM(C6:E6),"")
A7: 4 | F7: =IF(SUM(C7:E7)>0,SUM(C7:E7),"")
A8: 5 | F8: =IF(SUM(C8:E8)>0,SUM(C8:E8),"")
A9: 6 | F9: =IF(SUM(C9:E9)>0,SUM(C9:E9),"")
A10: 7 | F10: =IF(SUM(C10:E10)>0,SUM(C10:E10),"")
A11: 8 | F11: =IF(SUM(C11:E11)>0,SUM(C11:E11),"")
A12: 9 | F12: =IF(SUM(C12:E12)>0,SUM(C12:E12),"")
A13: 10 | F13: =IF(SUM(C13:E13)>0,SUM(C13:E13),"")
A14: 11 | F14: =IF(SUM(C14:E14)>0,SUM(C14:E14),"")
A15: 12 | F15: =IF(SUM(C15:E15)>0,SUM(C15:E15),"")
... A33: 30 | F33: =IF(SUM(C33:E33)>0,SUM(C33:E33),"")
B35: Total | C35: =IF(SUM(C4:C34)>0,SUM(C4:C34),"") | D35: =IF(SUM(D4:D34)>0,SUM(D4:D34),"") | E35: =IF(SUM(E4:E34)>0,SUM(E4:E34),"") | F35: =IF(SUM(F4:F34)>0,SUM(F4:F34),"") | G35: =IF(SUM(G4:G34)>0,SUM(G4:G34),"") | H35: =IF(SUM(H4:H34)>0,SUM(H4:H34),0) -> 0 | I35: =IF(SUM(I4:I34)>0,SUM(I4:I34),"") | J35: =IF(SUM(J4:J34)>0,SUM(J4:J34),0) -> 0 | L35: =IF(SUM(L4:L34)>0,SUM(L4:L34),"") | M35: =IF(SUM(M4:M34)>0,SUM(M4:M34),0) -> 0 | N35: =IF(SUM(N4:N34)>0,SUM(N4:N34),0) -> 0 | P35: =IF(SUM(P4:P34)>0,SUM(P4:P34),0) -> 0 | R35: =IF(SUM(R4:R34)>0,SUM(R4:R34),0) -> 0 | S35: =IF(SUM(S4:S34)>0,SUM(S4:S34),"") | T35: =IF(SUM(T4:T34)>0,SUM(T4:T34),0) -> 0 | U35: =IF(SUM(U4:U34)>0,SUM(U4:U34),"") | V35: =IF(SUM(V4:V34)>0,SUM(V4:V34),0) -> 0 | W35: =IF(SUM(W4:W34)>0,SUM(W4:W34),"") | Y35: =IF(SUM(Y4:Y34)=0,"",SUM(Y4:Y34)) | Z35: =IF(SUM(Z4:Z34)=0,"",SUM(Z4:Z34)) | AA35: =IF(SUM(AA4:AA34)=0,"",SUM(AA4:AA34)) | AB35: =IF(SUM(AB4:AB34)=0,"",SUM(AB4:AB34)) | AC35: =IF(SUM(AC4:AC34)=0,"",SUM(AC4:AC34)) | AD35: =IF(SUM(AD4:AD34)=0,"",SUM(AD4:AD34)) | AE35: =IF(SUM(AE4:AE34)=0,"",SUM(AE4:AE34)) | AF35: =IF(SUM(AF4:AF34)=0,"",SUM(AF4:AF34)) | ... AH35: =IF(SUM(AH4:AH34)=0,"",SUM(AH4:AH34))
B37: Average Productivity | I37: Hatching Eggs | M37: =M35+N35 -> 0 | O37: =M37+T35 -> 0
B38: Laying Hens per Day | C38: Eggs Collected per Day | D38: Percent Productivity | E38: Pounds Fed | G38: Pounds Fed Per Egg | H38: Feed Cost Per Egg | I38: Hatch Rate | J38: Cost per Live Chick
B39: =IF(COUNT(B4:B34)>0,AVERAGE(B4:B34),"") | C39: =IF(SUM(C35:E35)>0,SUM(C35:E35)/COUNT(B4:B34),"") | D39: =IF(SUM(C35:E35)>0,C39/B39,"") | G39: 0 | H39: 0 | I39: =IF(W35="","",W35/U35) | J39: =IF(W35="",0,V35/W35) -> 0
B41: Monthly Financial Summary | J41: Flock Loss Summary
B42: Income | C42: Expenses | D42: Feed Cost per Dozen | E42: Total Cost per Dozen | F42: Flock Purchases | G42: Net | J42: Non-Predator | K42: Predator Loss
B43: =IF(SUM(H35,J35)>0,SUM(H35,J35),0) -> 0 | C43: =IF(SUM(M35,N35,P35,R35,T35)>0,SUM(R35,P35,N35,M35,T35),0) -> 0 | D43: =IF(SUM(C35:E35)>0,M35/SUM(C35:E35)*12,"") | E43: =IF(SUM(C35:E35)>0,C43/SUM(C35:E35)*12,"") | F43: =IF(SUM(T35,V35)>0,SUM(T35,V35),0) -> 0 | G43: =IF(OR(NOT(B43=""),NOT(C43=""),NOT(F43="")),B43-C43,"") -> 0 | J43: =IF(SUM($C$35:$E$35)=0,"",SUM(Y35:Z35)) | K43: =IF(SUM($C$35:$E$35)=0,"",SUM(AA35:AH35))

Sheet May 2025
A1: Date | B1: Laying Hens | C1: Production | G1: Income | L1: Expenses | S1: Flock Purchases | Y1: Flock Losses
C2: Eggs Collected | G2: Eggs Sold | I2: Chickens Sold | K2: Customer Name | L2: Feed Purchased | N2: Bedding | O2: General Supplies | Q2: Medicine / Vet / Vaccines | S2: Live Chicks | U2: Hatching Eggs | X2: Supplier | Y2: Human Consumption | Z2: Natural Causes | AA2: Predator Loss
B3: Quantity | C3: Brown | D3: Colored | E3: White | F3: Total | G3: Dozen | H3: $ | I3: Quantity | J3: $ | L3: Pounds | M3: $ | N3: $ | O3: Description | P3: $ | Q3: Description | R3: $ | S3: Quantity | T3: $ | U3: Quantity | V3: $ | W3: Hatched | AA3: Raccoon | AB3: Skunk | AC3: Possum | AD3: Dog | AE3: Birds | AF3: Bobcat | AG3: Other | AH3: Unknown
A4: 1 | F4: =IF(SUM(C4:E4)>0,SUM(C4:E4),"")
A5: 2 | F5: =IF(SUM(C5:E5)>0,SUM(C5:E5),"")
A6: 3 | F6: =IF(SUM(C6:E6)>0,SUM(C6:E6),"")
A7: 4 | F7: =IF(SUM(C7:E7)>0,SUM(C7:E7),"")
A8: 5 | F8: =IF(SUM(C8:E8)>0,SUM(C8:E8),"")
A9: 6 | F9: =IF(SUM(C9:E9)>0,SUM(C9:E9),"")
A10: 7 | F10: =IF(SUM(C10:E10)>0,SUM(C10:E10),"")
A11: 8 | F11: =IF(SUM(C11:E11)>0,SUM(C11:E11),"")
A12: 9 | F12: =IF(SUM(C12:E12)>0,SUM(C12:E12),"")
A13: 10 | F13: =IF(SUM(C13:E13)>0,SUM(C13:E13),"")
A14: 11 | F14: =IF(SUM(C14:E14)>0,SUM(C14:E14),"")
A15: 12 | F15: =IF(SUM(C15:E15)>0,SUM(C15:E15),"")
... A34: 31 | F34: =IF(SUM(C34:E34)>0,SUM(C34:E34),"")
B35: Total | C35: =IF(SUM(C4:C34)>0,SUM(C4:C34),"") | D35: =IF(SUM(D4:D34)>0,SUM(D4:D34),"") | E35: =IF(SUM(E4:E34)>0,SUM(E4:E34),"") | F35: =IF(SUM(F4:F34)>0,SUM(F4:F34),"") | G35: =IF(SUM(G4:G34)>0,SUM(G4:G34),"") | H35: =IF(SUM(H4:H34)>0,SUM(H4:H34),0) -> 0 | I35: =IF(SUM(I4:I34)>0,SUM(I4:I34),"") | J35: =IF(SUM(J4:J34)>0,SUM(J4:J34),0) -> 0 | L35: =IF(SUM(L4:L34)>0,SUM(L4:L34),"") | M35: =IF(SUM(M4:M34)>0,SUM(M4:M34),0) -> 0 | N35: =IF(SUM(N4:N34)>0,SUM(N4:N34),0) -> 0 | P35: =IF(SUM(P4:P34)>0,SUM(P4:P34),0) -> 0 | R35: =IF(SUM(R4:R34)>0,SUM(R4:R34),0) -> 0 | S35: =IF(SUM(S4:S34)>0,SUM(S4:S34),"") | T35: =IF(SUM(T4:T34)>0,SUM(T4:T34),0) -> 0 | U35: =IF(SUM(U4:U34)>0,SUM(U4:U34),"") | V35: =IF(SUM(V4:V34)>0,SUM(V4:V34),0) -> 0 | W35: =IF(SUM(W4:W34)>0,SUM(W4:W34),"") | Y35: =IF(SUM(Y4:Y34)=0,"",SUM(Y4:Y34)) | Z35: =IF(SUM(Z4:Z34)=0,"",SUM(Z4:Z34)) | AA35: =IF(SUM(AA4:AA34)=0,"",SUM(AA4:AA34)) | AB35: =IF(SUM(AB4:AB34)=0,"",SUM(AB4:AB34)) | AC35: =IF(SUM(AC4:AC34)=0,"",SUM(AC4:AC34)) | AD35: =IF(SUM(AD4:AD34)=0,"",SUM(AD4:AD34)) | AE35: =IF(SUM(AE4:AE34)=0,"",SUM(AE4:AE34)) | AF35: =IF(SUM(AF4:AF34)=0,"",SUM(AF4:AF34)) | ... AH35: =IF(SUM(AH4:AH34)=0,"",SUM(AH4:AH34))
B37: Average Productivity | I37: Hatching Eggs
B38: Laying Hens per Day | C38: Eggs Collected per Day | D38: Percent Productivity | E38: Pounds Fed | G38: Pounds Fed Per Egg | H38: Feed Cost Per Egg | I38: Hatch Rate | J38: Cost per Live Chick
B39: =IF(COUNT(B4:B34)>0,AVERAGE(B4:B34),"") | C39: =IF(SUM(C35:E35)>0,SUM(C35:E35)/COUNT(B4:B34),"") | D39: =IF(SUM(C35:E35)>0,C39/B39,"") | G39: 0 | H39: 0 | I39: =IF(W35="","",W35/U35) | J39: =IF(W35="",0,V35/W35) -> 0
B41: Monthly Financial Summary | J41: Flock Loss Summary
B42: Income | C42: Expenses | D42: Feed Cost per Dozen | E42: Total Cost per Dozen | F42: Flock Purchases | G42: Net | J42: Non-Predator | K42: Predator Loss
B43: =IF(SUM(H35,J35)>0,SUM(H35,J35),0) -> 0 | C43: =IF(SUM(M35,N35,P35,R35,T35)>0,SUM(R35,P35,N35,M35,T35),0) -> 0 | D43: =IF(SUM(C35:E35)>0,M35/SUM(C35:E35)*12,"") | E43: =IF(SUM(C35:E35)>0,C43/SUM(C35:E35)*12,"") | F43: =IF(SUM(T35,V35)>0,SUM(T35,V35),0) -> 0 | G43: =IF(OR(NOT(B43=""),NOT(C43=""),NOT(F43="")),B43-C43,"") -> 0 | J43: =IF(SUM($C$35:$E$35)=0,"",SUM(Y35:Z35)) | K43: =IF(SUM($C$35:$E$35)=0,"",SUM(AA35:AH35))

Sheet June 2025
A1: Date | B1: Laying Hens | C1: Production | G1: Income | L1: Expenses | S1: Flock Purchases | Y1: Flock Losses
C2: Eggs Collected | G2: Eggs Sold | I2: Chickens Sold | K2: Customer Name | L2: Feed Purchased | N2: Bedding | O2: General Supplies | Q2: Medicine / Vet / Vaccines | S2: Live Chicks | U2: Hatching Eggs | X2: Supplier | Y2: Human Consumption | Z2: Natural Causes | AA2: Predator Loss
B3: Quantity | C3: Brown | D3: Colored | E3: White | F3: Total | G3: Dozen | H3: $ | I3: Quantity | J3: $ | L3: Pounds | M3: $ | N3: $ | O3: Description | P3: $ | Q3: Description | R3: $ | S3: Quantity | T3: $ | U3: Quantity | V3: $ | W3: Hatched | AA3: Raccoon | AB3: Skunk | AC3: Possum | AD3: Dog | AE3: Birds | AF3: Bobcat | AG3: Other | AH3: Unknown
A4: 1 | F4: =IF(SUM(C4:E4)>0,SUM(C4:E4),"")
A5: 2 | F5: =IF(SUM(C5:E5)>0,SUM(C5:E5),"")
A6: 3 | F6: =IF(SUM(C6:E6)>0,SUM(C6:E6),"")
A7: 4 | F7: =IF(SUM(C7:E7)>0,SUM(C7:E7),"")
A8: 5 | F8: =IF(SUM(C8:E8)>0,SUM(C8:E8),"")
A9: 6 | F9: =IF(SUM(C9:E9)>0,SUM(C9:E9),"")
A10: 7 | F10: =IF(SUM(C10:E10)>0,SUM(C10:E10),"")
A11: 8 | F11: =IF(SUM(C11:E11)>0,SUM(C11:E11),"")
A12: 9 | F12: =IF(SUM(C12:E12)>0,SUM(C12:E12),"")
A13: 10 | F13: =IF(SUM(C13:E13)>0,SUM(C13:E13),"")
A14: 11 | F14: =IF(SUM(C14:E14)>0,SUM(C14:E14),"")
A15: 12 | F15: =IF(SUM(C15:E15)>0,SUM(C15:E15),"")
... A33: 30 | F33: =IF(SUM(C33:E33)>0,SUM(C33:E33),"")
B35: Total | C35: =IF(SUM(C4:C34)>0,SUM(C4:C34),"") | D35: =IF(SUM(D4:D34)>0,SUM(D4:D34),"") | E35: =IF(SUM(E4:E34)>0,SUM(E4:E34),"") | F35: =IF(SUM(F4:F34)>0,SUM(F4:F34),"") | G35: =IF(SUM(G4:G34)>0,SUM(G4:G34),"") | H35: =IF(SUM(H4:H34)>0,SUM(H4:H34),0) -> 0 | I35: =IF(SUM(I4:I34)>0,SUM(I4:I34),"") | J35: =IF(SUM(J4:J34)>0,SUM(J4:J34),0) -> 0 | L35: =IF(SUM(L4:L34)>0,SUM(L4:L34),"") | M35: =IF(SUM(M4:M34)>0,SUM(M4:M34),0) -> 0 | N35: =IF(SUM(N4:N34)>0,SUM(N4:N34),0) -> 0 | P35: =IF(SUM(P4:P34)>0,SUM(P4:P34),0) -> 0 | R35: =IF(SUM(R4:R34)>0,SUM(R4:R34),0) -> 0 | S35: =IF(SUM(S4:S34)>0,SUM(S4:S34),"") | T35: =IF(SUM(T4:T34)>0,SUM(T4:T34),0) -> 0 | U35: =IF(SUM(U4:U34)>0,SUM(U4:U34),"") | V35: =IF(SUM(V4:V34)>0,SUM(V4:V34),0) -> 0 | W35: =IF(SUM(W4:W34)>0,SUM(W4:W34),"") | Y35: =IF(SUM(Y4:Y34)=0,"",SUM(Y4:Y34)) | Z35: =IF(SUM(Z4:Z34)=0,"",SUM(Z4:Z34)) | AA35: =IF(SUM(AA4:AA34)=0,"",SUM(AA4:AA34)) | AB35: =IF(SUM(AB4:AB34)=0,"",SUM(AB4:AB34)) | AC35: =IF(SUM(AC4:AC34)=0,"",SUM(AC4:AC34)) | AD35: =IF(SUM(AD4:AD34)=0,"",SUM(AD4:AD34)) | AE35: =IF(SUM(AE4:AE34)=0,"",SUM(AE4:AE34)) | AF35: =IF(SUM(AF4:AF34)=0,"",SUM(AF4:AF34)) | ... AH35: =IF(SUM(AH4:AH34)=0,"",SUM(AH4:AH34))
B37: Average Productivity | I37: Hatching Eggs
B38: Laying Hens per Day | C38: Eggs Collected per Day | D38: Percent Productivity | E38: Pounds Fed | G38: Pounds Fed Per Egg | H38: Feed Cost Per Egg | I38: Hatch Rate | J38: Cost per Live Chick
B39: =IF(COUNT(B4:B34)>0,AVERAGE(B4:B34),"") | C39: =IF(SUM(C35:E35)>0,SUM(C35:E35)/COUNT(B4:B34),"") | D39: =IF(SUM(C35:E35)>0,C39/B39,"") | G39: 0 | H39: 0 | I39: =IF(W35="","",W35/U35) | J39: =IF(W35="",0,V35/W35) -> 0
B41: Monthly Financial Summary | J41: Flock Loss Summary
B42: Income | C42: Expenses | D42: Feed Cost per Dozen | E42: Total Cost per Dozen | F42: Flock Purchases | G42: Net | J42: Non-Predator | K42: Predator Loss
B43: =IF(SUM(H35,J35)>0,SUM(H35,J35),0) -> 0 | C43: =IF(SUM(M35,N35,P35,R35,T35)>0,SUM(R35,P35,N35,M35,T35),0) -> 0 | D43: =IF(SUM(C35:E35)>0,M35/SUM(C35:E35)*12,"") | E43: =IF(SUM(C35:E35)>0,C43/SUM(C35:E35)*12,"") | F43: =IF(SUM(T35,V35)>0,SUM(T35,V35),0) -> 0 | G43: =IF(OR(NOT(B43=""),NOT(C43=""),NOT(F43="")),B43-C43,"") -> 0 | J43: =IF(SUM($C$35:$E$35)=0,"",SUM(Y35:Z35)) | K43: =IF(SUM($C$35:$E$35)=0,"",SUM(AA35:AH35))

Sheet July 2025
A1: Date | B1: Laying Hens | C1: Production | G1: Income | L1: Expenses | S1: Flock Purchases | Y1: Flock Losses
C2: Eggs Collected | G2: Eggs Sold | I2: Chickens Sold | K2: Customer Name | L2: Feed Purchased | N2: Bedding | O2: General Supplies | Q2: Medicine / Vet / Vaccines | S2: Live Chicks | U2: Hatching Eggs | X2: Supplier | Y2: Human Consumption | Z2: Natural Causes | AA2: Predator Loss
B3: Quantity | C3: Brown | D3: Colored | E3: White | F3: Total | G3: Dozen | H3: $ | I3: Quantity | J3: $ | L3: Pounds | M3: $ | N3: $ | O3: Description | P3: $ | Q3: Description | R3: $ | S3: Quantity | T3: $ | U3: Quantity | V3: $ | W3: Hatched | AA3: Raccoon | AB3: Skunk | AC3: Possum | AD3: Dog | AE3: Birds | AF3: Bobcat | AG3: Other | AH3: Unknown
A4: 1 | F4: =IF(SUM(C4:E4)>0,SUM(C4:E4),"")
A5: 2 | F5: =IF(SUM(C5:E5)>0,SUM(C5:E5),"")
A6: 3 | F6: =IF(SUM(C6:E6)>0,SUM(C6:E6),"")
A7: 4 | F7: =IF(SUM(C7:E7)>0,SUM(C7:E7),"")
A8: 5 | F8: =IF(SUM(C8:E8)>0,SUM(C8:E8),"")
A9: 6 | F9: =IF(SUM(C9:E9)>0,SUM(C9:E9),"")
A10: 7 | F10: =IF(SUM(C10:E10)>0,SUM(C10:E10),"")
A11: 8 | F11: =IF(SUM(C11:E11)>0,SUM(C11:E11),"")
A12: 9 | F12: =IF(SUM(C12:E12)>0,SUM(C12:E12),"")
A13: 10 | F13: =IF(SUM(C13:E13)>0,SUM(C13:E13),"")
A14: 11 | F14: =IF(SUM(C14:E14)>0,SUM(C14:E14),"")
A15: 12 | F15: =IF(SUM(C15:E15)>0,SUM(C15:E15),"")
... A34: 31 | F34: =IF(SUM(C34:E34)>0,SUM(C34:E34),"")
B35: Total | C35: =IF(SUM(C4:C34)>0,SUM(C4:C34),"") | D35: =IF(SUM(D4:D34)>0,SUM(D4:D34),"") | E35: =IF(SUM(E4:E34)>0,SUM(E4:E34),"") | F35: =IF(SUM(F4:F34)>0,SUM(F4:F34),"") | G35: =IF(SUM(G4:G34)>0,SUM(G4:G34),"") | H35: =IF(SUM(H4:H34)>0,SUM(H4:H34),"") | I35: =IF(SUM(I4:I34)>0,SUM(I4:I34),"") | J35: =IF(SUM(J4:J34)>0,SUM(J4:J34),0) -> 0 | L35: =IF(SUM(L4:L34)>0,SUM(L4:L34),"") | M35: =IF(SUM(M4:M34)>0,SUM(M4:M34),0) -> 0 | N35: =IF(SUM(N4:N34)>0,SUM(N4:N34),0) -> 0 | P35: =IF(SUM(P4:P34)>0,SUM(P4:P34),0) -> 0 | R35: =IF(SUM(R4:R34)>0,SUM(R4:R34),0) -> 0 | S35: =IF(SUM(S4:S34)>0,SUM(S4:S34),"") | T35: =IF(SUM(T4:T34)>0,SUM(T4:T34),0) -> 0 | U35: =IF(SUM(U4:U34)>0,SUM(U4:U34),"") | V35: =IF(SUM(V4:V34)>0,SUM(V4:V34),0) -> 0 | W35: =IF(SUM(W4:W34)>0,SUM(W4:W34),"") | Y35: =IF(SUM(Y4:Y34)=0,"",SUM(Y4:Y34)) | Z35: =IF(SUM(Z4:Z34)=0,"",SUM(Z4:Z34)) | AA35: =IF(SUM(AA4:AA34)=0,"",SUM(AA4:AA34)) | AB35: =IF(SUM(AB4:AB34)=0,"",SUM(AB4:AB34)) | AC35: =IF(SUM(AC4:AC34)=0,"",SUM(AC4:AC34)) | AD35: =IF(SUM(AD4:AD34)=0,"",SUM(AD4:AD34)) | AE35: =IF(SUM(AE4:AE34)=0,"",SUM(AE4:AE34)) | AF35: =IF(SUM(AF4:AF34)=0,"",SUM(AF4:AF34)) | ... AH35: =IF(SUM(AH4:AH34)=0,"",SUM(AH4:AH34))
B37: Average Productivity | I37: Hatching Eggs
B38: Laying Hens per Day | C38: Eggs Collected per Day | D38: Percent Productivity | E38: Pounds Fed | G38: Pounds Fed Per Egg | H38: Feed Cost Per Egg | I38: Hatch Rate | J38: Cost per Live Chick
B39: =IF(COUNT(B4:B34)>0,AVERAGE(B4:B34),"") | C39: =IF(SUM(C35:E35)>0,SUM(C35:E35)/COUNT(B4:B34),"") | D39: =IF(SUM(C35:E35)>0,C39/B39,"") | G39: 0 | H39: 0 | I39: =IF(W35="","",W35/U35) | J39: =IF(W35="",0,V35/W35) -> 0
B41: Monthly Financial Summary | J41: Flock Loss Summary
B42: Income | C42: Expenses | D42: Feed Cost per Dozen | E42: Total Cost per Dozen | F42: Flock Purchases | G42: Net | J42: Non-Predator | K42: Predator Loss
B43: =IF(SUM(H35,J35)>0,SUM(H35,J35),0) -> 0 | C43: =IF(SUM(M35,N35,P35,R35,T35)>0,SUM(R35,P35,N35,M35,T35),0) -> 0 | D43: =IF(SUM(C35:E35)>0,M35/SUM(C35:E35)*12,"") | E43: =IF(SUM(C35:E35)>0,C43/SUM(C35:E35)*12,"") | F43: =IF(SUM(T35,V35)>0,SUM(T35,V35),0) -> 0 | G43: =IF(OR(NOT(B43=""),NOT(C43=""),NOT(F43="")),B43-C43,"") -> 0 | J43: =IF(SUM($C$35:$E$35)=0,"",SUM(Y35:Z35)) | K43: =IF(SUM($C$35:$E$35)=0,"",SUM(AA35:AH35))

Sheet August 2025
A1: Date | B1: Laying Hens | C1: Production | G1: Income | L1: Expenses | S1: Flock Purchases | Y1: Flock Losses
C2: Eggs Collected | G2: Eggs Sold | I2: Chickens Sold | K2: Customer Name | L2: Feed Purchased | N2: Bedding | O2: General Supplies | Q2: Medicine / Vet / Vaccines | S2: Live Chicks | U2: Hatching Eggs | X2: Supplier | Y2: Human Consumption | Z2: Natural Causes | AA2: Predator Loss
B3: Quantity | C3: Brown | D3: Colored | E3: White | F3: Total | G3: Dozen | H3: $ | I3: Quantity | J3: $ | L3: Pounds | M3: $ | N3: $ | O3: Description | P3: $ | Q3: Description | R3: $ | S3: Quantity | T3: $ | U3: Quantity | V3: $ | W3: Hatched | AA3: Raccoon | AB3: Skunk | AC3: Possum | AD3: Dog | AE3: Birds | AF3: Bobcat | AG3: Other | AH3: Unknown
A4: 1 | F4: =IF(SUM(C4:E4)>0,SUM(C4:E4),"")
A5: 2 | F5: =IF(SUM(C5:E5)>0,SUM(C5:E5),"")
A6: 3 | F6: =IF(SUM(C6:E6)>0,SUM(C6:E6),"")
A7: 4 | F7: =IF(SUM(C7:E7)>0,SUM(C7:E7),"")
A8: 5 | F8: =IF(SUM(C8:E8)>0,SUM(C8:E8),"")
A9: 6 | F9: =IF(SUM(C9:E9)>0,SUM(C9:E9),"")
A10: 7 | F10: =IF(SUM(C10:E10)>0,SUM(C10:E10),"")
A11: 8 | F11: =IF(SUM(C11:E11)>0,SUM(C11:E11),"")
A12: 9 | F12: =IF(SUM(C12:E12)>0,SUM(C12:E12),"")
A13: 10 | F13: =IF(SUM(C13:E13)>0,SUM(C13:E13),"")
A14: 11 | F14: =IF(SUM(C14:E14)>0,SUM(C14:E14),"")
A15: 12 | F15: =IF(SUM(C15:E15)>0,SUM(C15:E15),"")
... A34: 31 | F34: =IF(SUM(C34:E34)>0,SUM(C34:E34),"")
B35: Total | C35: =IF(SUM(C4:C34)>0,SUM(C4:C34),"") | D35: =IF(SUM(D4:D34)>0,SUM(D4:D34),"") | E35: =IF(SUM(E4:E34)>0,SUM(E4:E34),"") | F35: =IF(SUM(F4:F34)>0,SUM(F4:F34),"") | G35: =IF(SUM(G4:G34)>0,SUM(G4:G34),"") | H35: =IF(SUM(H4:H34)>0,SUM(H4:H34),0) -> 0 | I35: =IF(SUM(I4:I34)>0,SUM(I4:I34),"") | J35: =IF(SUM(J4:J34)>0,SUM(J4:J34),0) -> 0 | L35: =IF(SUM(L4:L34)>0,SUM(L4:L34),"") | M35: =IF(SUM(M4:M34)>0,SUM(M4:M34),0) -> 0 | N35: =IF(SUM(N4:N34)>0,SUM(N4:N34),0) -> 0 | P35: =IF(SUM(P4:P34)>0,SUM(P4:P34),0) -> 0 | R35: =IF(SUM(R4:R34)>0,SUM(R4:R34),0) -> 0 | S35: =IF(SUM(S4:S34)>0,SUM(S4:S34),"") | T35: =IF(SUM(T4:T34)>0,SUM(T4:T34),0) -> 0 | U35: =IF(SUM(U4:U34)>0,SUM(U4:U34),"") | V35: =IF(SUM(V4:V34)>0,SUM(V4:V34),0) -> 0 | W35: =IF(SUM(W4:W34)>0,SUM(W4:W34),"") | Y35: =IF(SUM(Y4:Y34)=0,"",SUM(Y4:Y34)) | Z35: =IF(SUM(Z4:Z34)=0,"",SUM(Z4:Z34)) | AA35: =IF(SUM(AA4:AA34)=0,"",SUM(AA4:AA34)) | AB35: =IF(SUM(AB4:AB34)=0,"",SUM(AB4:AB34)) | AC35: =IF(SUM(AC4:AC34)=0,"",SUM(AC4:AC34)) | AD35: =IF(SUM(AD4:AD34)=0,"",SUM(AD4:AD34)) | AE35: =IF(SUM(AE4:AE34)=0,"",SUM(AE4:AE34)) | AF35: =IF(SUM(AF4:AF34)=0,"",SUM(AF4:AF34)) | ... AH35: =IF(SUM(AH4:AH34)=0,"",SUM(AH4:AH34))
B37: Average Productivity | I37: Hatching Eggs
B38: Laying Hens per Day | C38: Eggs Collected per Day | D38: Percent Productivity | E38: Pounds Fed | G38: Pounds Fed Per Egg | H38: Feed Cost Per Egg | I38: Hatch Rate | J38: Cost per Live Chick
B39: =IF(COUNT(B4:B34)>0,AVERAGE(B4:B34),"") | C39: =IF(SUM(C35:E35)>0,SUM(C35:E35)/COUNT(B4:B34),"") | D39: =IF(SUM(C35:E35)>0,C39/B39,"") | G39: 0 | H39: 0 | I39: =IF(W35="","",W35/U35) | J39: =IF(W35="",0,V35/W35) -> 0
B41: Monthly Financial Summary | J41: Flock Loss Summary
B42: Income | C42: Expenses | D42: Feed Cost per Dozen | E42: Total Cost per Dozen | F42: Flock Purchases | G42: Net | J42: Non-Predator | K42: Predator Loss
B43: =IF(SUM(H35,J35)>0,SUM(H35,J35),0) -> 0 | C43: =IF(SUM(M35,N35,P35,R35,T35)>0,SUM(R35,P35,N35,M35,T35),0) -> 0 | D43: =IF(SUM(C35:E35)>0,M35/SUM(C35:E35)*12,"") | E43: =IF(SUM(C35:E35)>0,C43/SUM(C35:E35)*12,"") | F43: =IF(SUM(T35,V35)>0,SUM(T35,V35),0) -> 0 | G43: =IF(OR(NOT(B43=""),NOT(C43=""),NOT(F43="")),B43-C43,"") -> 0 | J43: =IF(SUM($C$35:$E$35)=0,"",SUM(Y35:Z35)) | K43: =IF(SUM($C$35:$E$35)=0,"",SUM(AA35:AH35))

Sheet September 2025
A1: Date | B1: Laying Hens | C1: Production | G1: Income | L1: Expenses | S1: Flock Purchases | Y1: Flock Losses
C2: Eggs Collected | G2: Eggs Sold | I2: Chickens Sold | K2: Customer Name | L2: Feed Purchased | N2: Bedding | O2: General Supplies | Q2: Medicine / Vet / Vaccines | S2: Live Chicks | U2: Hatching Eggs | X2: Supplier | Y2: Human Consumption | Z2: Natural Causes | AA2: Predator Loss
B3: Quantity | C3: Brown | D3: Colored | E3: White | F3: Total | G3: Dozen | H3: $ | I3: Quantity | J3: $ | L3: Pounds | M3: $ | N3: $ | O3: Description | P3: $ | Q3: Description | R3: $ | S3: Quantity | T3: $ | U3: Quantity | V3: $ | W3: Hatched | AA3: Raccoon | AB3: Skunk | AC3: Possum | AD3: Dog | AE3: Birds | AF3: Bobcat | AG3: Other | AH3: Unknown
A4: 1 | F4: =IF(SUM(C4:E4)>0,SUM(C4:E4),"")
A5: 2 | F5: =IF(SUM(C5:E5)>0,SUM(C5:E5),"")
A6: 3 | F6: =IF(SUM(C6:E6)>0,SUM(C6:E6),"")
A7: 4 | F7: =IF(SUM(C7:E7)>0,SUM(C7:E7),"")
A8: 5 | F8: =IF(SUM(C8:E8)>0,SUM(C8:E8),"")
A9: 6 | F9: =IF(SUM(C9:E9)>0,SUM(C9:E9),"")
A10: 7 | F10: =IF(SUM(C10:E10)>0,SUM(C10:E10),"")
A11: 8 | F11: =IF(SUM(C11:E11)>0,SUM(C11:E11),"")
A12: 9 | F12: =IF(SUM(C12:E12)>0,SUM(C12:E12),"")
A13: 10 | F13: =IF(SUM(C13:E13)>0,SUM(C13:E13),"")
A14: 11 | F14: =IF(SUM(C14:E14)>0,SUM(C14:E14),"")
A15: 12 | F15: =IF(SUM(C15:E15)>0,SUM(C15:E15),"")
... A33: 30 | F33: =IF(SUM(C33:E33)>0,SUM(C33:E33),"")
F34: =IF(SUM(C34:E34)>0,SUM(C34:E34),"")
B35: Total | C35: =IF(SUM(C4:C34)>0,SUM(C4:C34),"") | D35: =IF(SUM(D4:D34)>0,SUM(D4:D34),"") | E35: =IF(SUM(E4:E34)>0,SUM(E4:E34),"") | F35: =IF(SUM(F4:F34)>0,SUM(F4:F34),"") | G35: =IF(SUM(G4:G34)>0,SUM(G4:G34),"") | H35: =IF(SUM(H4:H34)>0,SUM(H4:H34),0) -> 0 | I35: =IF(SUM(I4:I34)>0,SUM(I4:I34),"") | J35: =IF(SUM(J4:J34)>0,SUM(J4:J34),0) -> 0 | L35: =IF(SUM(L4:L34)>0,SUM(L4:L34),"") | M35: =IF(SUM(M4:M34)>0,SUM(M4:M34),0) -> 0 | N35: =IF(SUM(N4:N34)>0,SUM(N4:N34),0) -> 0 | P35: =IF(SUM(P4:P34)>0,SUM(P4:P34),0) -> 0 | R35: =IF(SUM(R4:R34)>0,SUM(R4:R34),0) -> 0 | S35: =IF(SUM(S4:S34)>0,SUM(S4:S34),"") | T35: =IF(SUM(T4:T34)>0,SUM(T4:T34),0) -> 0 | U35: =IF(SUM(U4:U34)>0,SUM(U4:U34),"") | V35: =IF(SUM(V4:V34)>0,SUM(V4:V34),0) -> 0 | W35: =IF(SUM(W4:W34)>0,SUM(W4:W34),"") | Y35: =IF(SUM(Y4:Y34)=0,"",SUM(Y4:Y34)) | Z35: =IF(SUM(Z4:Z34)=0,"",SUM(Z4:Z34)) | AA35: =IF(SUM(AA4:AA34)=0,"",SUM(AA4:AA34)) | AB35: =IF(SUM(AB4:AB34)=0,"",SUM(AB4:AB34)) | AC35: =IF(SUM(AC4:AC34)=0,"",SUM(AC4:AC34)) | AD35: =IF(SUM(AD4:AD34)=0,"",SUM(AD4:AD34)) | AE35: =IF(SUM(AE4:AE34)=0,"",SUM(AE4:AE34)) | AF35: =IF(SUM(AF4:AF34)=0,"",SUM(AF4:AF34)) | ... AH35: =IF(SUM(AH4:AH34)=0,"",SUM(AH4:AH34))
B37: Average Productivity | I37: Hatching Eggs
B38: Laying Hens per Day | C38: Eggs Collected per Day | D38: Percent Productivity | E38: Pounds Fed | G38: Pounds Fed Per Egg | H38: Feed Cost Per Egg | I38: Hatch Rate | J38: Cost per Live Chick
B39: =IF(COUNT(B4:B34)>0,AVERAGE(B4:B34),"") | C39: =IF(SUM(C35:E35)>0,SUM(C35:E35)/COUNT(B4:B34),"") | D39: =IF(SUM(C35:E35)>0,C39/B39,"") | G39: 0 | H39: 0 | I39: =IF(W35="","",W35/U35) | J39: =IF(W35="",0,V35/W35) -> 0
B41: Monthly Financial Summary | J41: Flock Loss Summary
B42: Income | C42: Expenses | D42: Feed Cost per Dozen | E42: Total Cost per Dozen | F42: Flock Purchases | G42: Net | J42: Non-Predator | K42: Predator Loss
B43: =IF(SUM(H35,J35)>0,SUM(H35,J35),0) -> 0 | C43: =IF(SUM(M35,N35,P35,R35,T35)>0,SUM(R35,P35,N35,M35,T35),0) -> 0 | D43: =IF(SUM(C35:E35)>0,M35/SUM(C35:E35)*12,"") | E43: =IF(SUM(C35:E35)>0,C43/SUM(C35:E35)*12,"") | F43: =IF(SUM(T35,V35)>0,SUM(T35,V35),0) -> 0 | G43: =IF(OR(NOT(B43=""),NOT(C43=""),NOT(F43="")),B43-C43,"") -> 0 | J43: =IF(SUM($C$35:$E$35)=0,"",SUM(Y35:Z35)) | K43: =IF(SUM($C$35:$E$35)=0,"",SUM(AA35:AH35))

Sheet October 2025
A1: Date | B1: Laying Hens | C1: Production | G1: Income | L1: Expenses | S1: Flock Purchases | Y1: Flock Losses
C2: Eggs Collected | G2: Eggs Sold | I2: Chickens Sold | K2: Customer Name | L2: Feed Purchased | N2: Bedding | O2: General Supplies | Q2: Medicine / Vet / Vaccines | S2: Live Chicks | U2: Hatching Eggs | X2: Supplier | Y2: Human Consumption | Z2: Natural Causes | AA2: Predator Loss
B3: Quantity | C3: Brown | D3: Colored | E3: White | F3: Total | G3: Dozen | H3: $ | I3: Quantity | J3: $ | L3: Pounds | M3: $ | N3: $ | O3: Description | P3: $ | Q3: Description | R3: $ | S3: Quantity | T3: $ | U3: Quantity | V3: $ | W3: Hatched | AA3: Raccoon | AB3: Skunk | AC3: Possum | AD3: Dog | AE3: Birds | AF3: Bobcat | AG3: Other | AH3: Unknown
A4: 1 | F4: =IF(SUM(C4:E4)>0,SUM(C4:E4),"")
A5: 2 | F5: =IF(SUM(C5:E5)>0,SUM(C5:E5),"")
A6: 3 | F6: =IF(SUM(C6:E6)>0,SUM(C6:E6),"")
A7: 4 | F7: =IF(SUM(C7:E7)>0,SUM(C7:E7),"")
A8: 5 | F8: =IF(SUM(C8:E8)>0,SUM(C8:E8),"")
A9: 6 | F9: =IF(SUM(C9:E9)>0,SUM(C9:E9),"")
A10: 7 | F10: =IF(SUM(C10:E10)>0,SUM(C10:E10),"")
A11: 8 | F11: =IF(SUM(C11:E11)>0,SUM(C11:E11),"")
A12: 9 | F12: =IF(SUM(C12:E12)>0,SUM(C12:E12),"")
A13: 10 | F13: =IF(SUM(C13:E13)>0,SUM(C13:E13),"")
A14: 11 | F14: =IF(SUM(C14:E14)>0,SUM(C14:E14),"")
A15: 12 | F15: =IF(SUM(C15:E15)>0,SUM(C15:E15),"")
... A34: 31 | F34: =IF(SUM(C34:E34)>0,SUM(C34:E34),"")
B35: Total | C35: =IF(SUM(C4:C34)>0,SUM(C4:C34),"") | D35: =IF(SUM(D4:D34)>0,SUM(D4:D34),"") | E35: =IF(SUM(E4:E34)>0,SUM(E4:E34),"") | F35: =IF(SUM(F4:F34)>0,SUM(F4:F34),"") | G35: =IF(SUM(G4:G34)>0,SUM(G4:G34),"") | H35: =IF(SUM(H4:H34)>0,SUM(H4:H34),0) -> 0 | I35: =IF(SUM(I4:I34)>0,SUM(I4:I34),"") | J35: =IF(SUM(J4:J34)>0,SUM(J4:J34),0) -> 0 | L35: =IF(SUM(L4:L34)>0,SUM(L4:L34),"") | M35: =IF(SUM(M4:M34)>0,SUM(M4:M34),0) -> 0 | N35: =IF(SUM(N4:N34)>0,SUM(N4:N34),0) -> 0 | P35: =IF(SUM(P4:P34)>0,SUM(P4:P34),0) -> 0 | R35: =IF(SUM(R4:R34)>0,SUM(R4:R34),0) -> 0 | S35: =IF(SUM(S4:S34)>0,SUM(S4:S34),"") | T35: =IF(SUM(T4:T34)>0,SUM(T4:T34),0) -> 0 | U35: =IF(SUM(U4:U34)>0,SUM(U4:U34),"") | V35: =IF(SUM(V4:V34)>0,SUM(V4:V34),0) -> 0 | W35: =IF(SUM(W4:W34)>0,SUM(W4:W34),"") | Y35: =IF(SUM(Y4:Y34)=0,"",SUM(Y4:Y34)) | Z35: =IF(SUM(Z4:Z34)=0,"",SUM(Z4:Z34)) | AA35: =IF(SUM(AA4:AA34)=0,"",SUM(AA4:AA34)) | AB35: =IF(SUM(AB4:AB34)=0,"",SUM(AB4:AB34)) | AC35: =IF(SUM(AC4:AC34)=0,"",SUM(AC4:AC34)) | AD35: =IF(SUM(AD4:AD34)=0,"",SUM(AD4:AD34)) | AE35: =IF(SUM(AE4:AE34)=0,"",SUM(AE4:AE34)) | AF35: =IF(SUM(AF4:AF34)=0,"",SUM(AF4:AF34)) | ... AH35: =IF(SUM(AH4:AH34)=0,"",SUM(AH4:AH34))
B37: Average Productivity | I37: Hatching Eggs
B38: Laying Hens per Day | C38: Eggs Collected per Day | D38: Percent Productivity | E38: Pounds Fed | G38: Pounds Fed Per Egg | H38: Feed Cost Per Egg | I38: Hatch Rate | J38: Cost per Live Chick
B39: =IF(COUNT(B4:B34)>0,AVERAGE(B4:B34),"") | C39: =IF(SUM(C35:E35)>0,SUM(C35:E35)/COUNT(B4:B34),"") | D39: =IF(SUM(C35:E35)>0,C39/B39,"") | G39: 0 | H39: 0 | I39: =IF(W35="","",W35/U35) | J39: =IF(W35="",0,V35/W35) -> 0
B41: Monthly Financial Summary | J41: Flock Loss Summary
B42: Income | C42: Expenses | D42: Feed Cost per Dozen | E42: Total Cost per Dozen | F42: Flock Purchases | G42: Net | J42: Non-Predator | K42: Predator Loss
B43: =IF(SUM(H35,J35)>0,SUM(H35,J35),0) -> 0 | C43: =IF(SUM(M35,N35,P35,R35,T35)>0,SUM(R35,P35,N35,M35,T35),0) -> 0 | D43: =IF(SUM(C35:E35)>0,M35/SUM(C35:E35)*12,"") | E43: =IF(SUM(C35:E35)>0,C43/SUM(C35:E35)*12,"") | F43: =IF(SUM(T35,V35)>0,SUM(T35,V35),0) -> 0 | G43: =IF(OR(NOT(B43=""),NOT(C43=""),NOT(F43="")),B43-C43,"") -> 0 | J43: =IF(SUM($C$35:$E$35)=0,"",SUM(Y35:Z35)) | K43: =IF(SUM($C$35:$E$35)=0,"",SUM(AA35:AH35))

Sheet November 2025
A1: Date | B1: Laying Hens | C1: Production | G1: Income | L1: Expenses | S1: Flock Purchases | Y1: Flock Losses
C2: Eggs Collected | G2: Eggs Sold | I2: Chickens Sold | K2: Customer Name | L2: Feed Purchased | N2: Bedding | O2: General Supplies | Q2: Medicine / Vet / Vaccines | S2: Live Chicks | U2: Hatching Eggs | X2: Supplier | Y2: Human Consumption | Z2: Natural Causes | AA2: Predator Loss
B3: Quantity | C3: Brown | D3: Colored | E3: White | F3: Total | G3: Dozen | H3: $ | I3: Quantity | J3: $ | L3: Pounds | M3: $ | N3: $ | O3: Description | P3: $ | Q3: Description | R3: $ | S3: Quantity | T3: $ | U3: Quantity | V3: $ | W3: Hatched | AA3: Raccoon | AB3: Skunk | AC3: Possum | AD3: Dog | AE3: Birds | AF3: Bobcat | AG3: Other | AH3: Unknown
A4: 1 | F4: =IF(SUM(C4:E4)>0,SUM(C4:E4),"")
A5: 2 | F5: =IF(SUM(C5:E5)>0,SUM(C5:E5),"")
A6: 3 | F6: =IF(SUM(C6:E6)>0,SUM(C6:E6),"")
A7: 4 | F7: =IF(SUM(C7:E7)>0,SUM(C7:E7),"")
A8: 5 | F8: =IF(SUM(C8:E8)>0,SUM(C8:E8),"")
A9: 6 | F9: =IF(SUM(C9:E9)>0,SUM(C9:E9),"")
A10: 7 | F10: =IF(SUM(C10:E10)>0,SUM(C10:E10),"")
A11: 8 | F11: =IF(SUM(C11:E11)>0,SUM(C11:E11),"")
A12: 9 | F12: =IF(SUM(C12:E12)>0,SUM(C12:E12),"")
A13: 10 | F13: =IF(SUM(C13:E13)>0,SUM(C13:E13),"")
A14: 11 | F14: =IF(SUM(C14:E14)>0,SUM(C14:E14),"")
A15: 12 | F15: =IF(SUM(C15:E15)>0,SUM(C15:E15),"")
... A33: 30 | F33: =IF(SUM(C33:E33)>0,SUM(C33:E33),"")
F34: =IF(SUM(C34:E34)>0,SUM(C34:E34),"")
B35: Total | C35: =IF(SUM(C4:C34)>0,SUM(C4:C34),"") | D35: =IF(SUM(D4:D34)>0,SUM(D4:D34),"") | E35: =IF(SUM(E4:E34)>0,SUM(E4:E34),"") | F35: =IF(SUM(F4:F34)>0,SUM(F4:F34),"") | G35: =IF(SUM(G4:G34)>0,SUM(G4:G34),"") | H35: =IF(SUM(H4:H34)>0,SUM(H4:H34),0) -> 0 | I35: =IF(SUM(I4:I34)>0,SUM(I4:I34),"") | J35: =IF(SUM(J4:J34)>0,SUM(J4:J34),0) -> 0 | L35: =IF(SUM(L4:L34)>0,SUM(L4:L34),"") | M35: =IF(SUM(M4:M34)>0,SUM(M4:M34),0) -> 0 | N35: =IF(SUM(N4:N34)>0,SUM(N4:N34),0) -> 0 | P35: =IF(SUM(P4:P34)>0,SUM(P4:P34),0) -> 0 | R35: =IF(SUM(R4:R34)>0,SUM(R4:R34),0) -> 0 | S35: =IF(SUM(S4:S34)>0,SUM(S4:S34),"") | T35: =IF(SUM(T4:T34)>0,SUM(T4:T34),0) -> 0 | U35: =IF(SUM(U4:U34)>0,SUM(U4:U34),"") | V35: =IF(SUM(V4:V34)>0,SUM(V4:V34),0) -> 0 | W35: =IF(SUM(W4:W34)>0,SUM(W4:W34),"") | Y35: =IF(SUM(Y4:Y34)=0,"",SUM(Y4:Y34)) | Z35: =IF(SUM(Z4:Z34)=0,"",SUM(Z4:Z34)) | AA35: =IF(SUM(AA4:AA34)=0,"",SUM(AA4:AA34)) | AB35: =IF(SUM(AB4:AB34)=0,"",SUM(AB4:AB34)) | AC35: =IF(SUM(AC4:AC34)=0,"",SUM(AC4:AC34)) | AD35: =IF(SUM(AD4:AD34)=0,"",SUM(AD4:AD34)) | AE35: =IF(SUM(AE4:AE34)=0,"",SUM(AE4:AE34)) | AF35: =IF(SUM(AF4:AF34)=0,"",SUM(AF4:AF34)) | ... AH35: =IF(SUM(AH4:AH34)=0,"",SUM(AH4:AH34))
B37: Average Productivity | I37: Hatching Eggs
B38: Laying Hens per Day | C38: Eggs Collected per Day | D38: Percent Productivity | E38: Pounds Fed | G38: Pounds Fed Per Egg | H38: Feed Cost Per Egg | I38: Hatch Rate | J38: Cost per Live Chick
B39: =IF(COUNT(B4:B34)>0,AVERAGE(B4:B34),"") | C39: =IF(SUM(C35:E35)>0,SUM(C35:E35)/COUNT(A4:A34),"") | D39: =IF(SUM(C35:E35)>0,C39/B39,"") | G39: 0 | H39: 0 | I39: =IF(W35="","",W35/U35) | J39: =IF(W35="",0,V35/W35) -> 0
B41: Monthly Financial Summary | J41: Flock Loss Summary
B42: Income | C42: Expenses | D42: Feed Cost per Dozen | E42: Total Cost per Dozen | F42: Flock Purchases | G42: Net | J42: Non-Predator | K42: Predator Loss
B43: =IF(SUM(H35,J35)>0,SUM(H35,J35),0) -> 0 | C43: =IF(SUM(M35,N35,P35,R35,T35)>0,SUM(R35,P35,N35,M35,T35),0) -> 0 | D43: =IF(SUM(C35:E35)>0,M35/SUM(C35:E35)*12,"") | E43: =IF(SUM(C35:E35)>0,C43/SUM(C35:E35)*12,"") | F43: =IF(SUM(T35,V35)>0,SUM(T35,V35),0) -> 0 | G43: =IF(OR(NOT(B43=""),NOT(C43=""),NOT(F43="")),B43-C43,"") -> 0 | J43: =IF(SUM($C$35:$E$35)=0,"",SUM(Y35:Z35)) | K43: =IF(SUM($C$35:$E$35)=0,"",SUM(AA35:AH35))

Sheet December 2025
A1: Date | B1: Laying Hens | C1: Production | G1: Income | L1: Expenses | S1: Flock Purchases | Y1: Flock Losses
C2: Eggs Collected | G2: Eggs Sold | I2: Chickens Sold | K2: Customer Name | L2: Feed Purchased | N2: Bedding | O2: General Supplies | Q2: Medicine / Vet / Vaccines | S2: Live Chicks | U2: Hatching Eggs | X2: Supplier | Y2: Human Consumption | Z2: Natural Causes | AA2: Predator Loss
B3: Quantity | C3: Brown | D3: Colored | E3: White | F3: Total | G3: Dozen | H3: $ | I3: Quantity | J3: $ | L3: Pounds | M3: $ | N3: $ | O3: Description | P3: $ | Q3: Description | R3: $ | S3: Quantity | T3: $ | U3: Quantity | V3: $ | W3: Hatched | AA3: Raccoon | AB3: Skunk | AC3: Possum | AD3: Dog | AE3: Birds | AF3: Bobcat | AG3: Other | AH3: Unknown
A4: 1 | F4: =IF(SUM(C4:E4)>0,SUM(C4:E4),"")
A5: 2 | F5: =IF(SUM(C5:E5)>0,SUM(C5:E5),"")
A6: 3 | F6: =IF(SUM(C6:E6)>0,SUM(C6:E6),"")
A7: 4 | F7: =IF(SUM(C7:E7)>0,SUM(C7:E7),"")
A8: 5 | F8: =IF(SUM(C8:E8)>0,SUM(C8:E8),"")
A9: 6 | F9: =IF(SUM(C9:E9)>0,SUM(C9:E9),"")
A10: 7 | F10: =IF(SUM(C10:E10)>0,SUM(C10:E10),"")
A11: 8 | F11: =IF(SUM(C11:E11)>0,SUM(C11:E11),"")
A12: 9 | F12: =IF(SUM(C12:E12)>0,SUM(C12:E12),"")
A13: 10 | F13: =IF(SUM(C13:E13)>0,SUM(C13:E13),"")
A14: 11 | F14: =IF(SUM(C14:E14)>0,SUM(C14:E14),"")
A15: 12 | F15: =IF(SUM(C15:E15)>0,SUM(C15:E15),"")
... A34: 31 | F34: =IF(SUM(C34:E34)>0,SUM(C34:E34),"")
B35: Total | C35: =IF(SUM(C4:C34)>0,SUM(C4:C34),"") | D35: =IF(SUM(D4:D34)>0,SUM(D4:D34),"") | E35: =IF(SUM(E4:E34)>0,SUM(E4:E34),"") | F35: =IF(SUM(F4:F34)>0,SUM(F4:F34),"") | G35: =IF(SUM(G4:G34)>0,SUM(G4:G34),"") | H35: =IF(SUM(H4:H34)>0,SUM(H4:H34),0) -> 0 | I35: =IF(SUM(I4:I34)>0,SUM(I4:I34),"") | J35: =IF(SUM(J4:J34)>0,SUM(J4:J34),0) -> 0 | L35: =IF(SUM(L4:L34)>0,SUM(L4:L34),"") | M35: =IF(SUM(M4:M34)>0,SUM(M4:M34),0) -> 0 | N35: =IF(SUM(N4:N34)>0,SUM(N4:N34),0) -> 0 | P35: =IF(SUM(P4:P34)>0,SUM(P4:P34),0) -> 0 | R35: =IF(SUM(R4:R34)>0,SUM(R4:R34),0) -> 0 | S35: =IF(SUM(S4:S34)>0,SUM(S4:S34),"") | T35: =IF(SUM(T4:T34)>0,SUM(T4:T34),0) -> 0 | U35: =IF(SUM(U4:U34)>0,SUM(U4:U34),"") | V35: =IF(SUM(V4:V34)>0,SUM(V4:V34),0) -> 0 | W35: =IF(SUM(W4:W34)>0,SUM(W4:W34),"") | Y35: =IF(SUM(Y4:Y34)=0,"",SUM(Y4:Y34)) | Z35: =IF(SUM(Z4:Z34)=0,"",SUM(Z4:Z34)) | AA35: =IF(SUM(AA4:AA34)=0,"",SUM(AA4:AA34)) | AB35: =IF(SUM(AB4:AB34)=0,"",SUM(AB4:AB34)) | AC35: =IF(SUM(AC4:AC34)=0,"",SUM(AC4:AC34)) | AD35: =IF(SUM(AD4:AD34)=0,"",SUM(AD4:AD34)) | AE35: =IF(SUM(AE4:AE34)=0,"",SUM(AE4:AE34)) | AF35: =IF(SUM(AF4:AF34)=0,"",SUM(AF4:AF34)) | ... AH35: =IF(SUM(AH4:AH34)=0,"",SUM(AH4:AH34))
B37: Average Productivity | I37: Hatching Eggs
B38: Laying Hens per Day | C38: Eggs Collected per Day | D38: Percent Productivity | E38: Pounds Fed | G38: Pounds Fed Per Egg | H38: Feed Cost Per Egg | I38: Hatch Rate | J38: Cost per Live Chick
B39: =IF(COUNT(B4:B34)>0,AVERAGE(B4:B34),"") | C39: =IF(SUM(C35:E35)>0,SUM(C35:E35)/COUNT(B4:B34),"") | D39: =IF(SUM(C35:E35)>0,C39/B39,"") | G39: 0 | H39: 0 | I39: =IF(W35="","",W35/U35) | J39: =IF(W35="",0,V35/W35) -> 0
B41: Monthly Financial Summary | J41: Flock Loss Summary
B42: Income | C42: Expenses | D42: Feed Cost per Dozen | E42: Total Cost per Dozen | F42: Flock Purchases | G42: Net | J42: Non-Predator | K42: Predator Loss
B43: =IF(SUM(H35,J35)>0,SUM(H35,J35),0) -> 0 | C43: =IF(SUM(M35,N35,P35,R35,T35)>0,SUM(R35,P35,N35,M35,T35),0) -> 0 | D43: =IF(SUM(C35:E35)>0,M35/SUM(C35:E35)*12,"") | E43: =IF(SUM(C35:E35)>0,C43/SUM(C35:E35)*12,"") | F43: =IF(SUM(T35,V35)>0,SUM(T35,V35),0) -> 0 | G43: =IF(OR(NOT(B43=""),NOT(C43=""),NOT(F43="")),B43-C43,"") -> 0 | J43: =IF(SUM($C$35:$E$35)=0,"",SUM(Y35:Z35)) | K43: =IF(SUM($C$35:$E$35)=0,"",SUM(AA35:AH35))
